[Event "*** Titled Tuesday Blitz"]
[Site "Chess.com"]
[Date "2021.02.02"]
[Round "7"]
[White "Yashasd1995"]
[Black "Bastiandash"]
[Result "1-0"]
[WhiteElo "2635"]
[BlackElo "2472"]
[TimeControl "180+1"]
[EndTime "11:18:17 PST"]
[Termination "Yashasd1995 won by resignation"]

1. b3 Nf6 2. Bb2 d5 3. e3 c6 4. f4 Bg4 5. Be2 Bxe2 6. Qxe2 Nbd7 7. Nf3 e6 8. O-O Bd6 9. d3 Qe7 10. Ne5 O-O 11. a3 Ne8 12. Nd2 f6 13. Nxd7 Qxd7 14. e4 Bc5+ 15. Kh1 dxe4 16. dxe4 Bd4 17. c3 Bb6 18. Nc4 Bc7 19. Rad1 Qe7 20. a4 a6 21. Ba3 c5 22. a5 Rd8 23. Rxd8 Bxd8 24. Rd1 Qc7 25. Nb6 Nd6 26. e5 Nb5 27. Bb2 Qc6 28. c4 Nd4 29. Bxd4 cxd4 30. Rxd4 Bxb6 31. Rd6 Qc5 32. axb6 fxe5 33. Rxe6 exf4 34. h3 Qb4 35. Qd3 Qc5 36. Qf3 Qb4 37. Qxb7 f3 38. gxf3 Qd2 39. Qd5 Qc1+ 40. Re1+ 1-0

[Event "*** Titled Tuesday Blitz"]
[Site "Chess.com"]
[Date "2021.02.02"]
[Round "7"]
[White "noblerone"]
[Black "bogcsab"]
[Result "0-1"]
[WhiteElo "2400"]
[BlackElo "2193"]
[TimeControl "180+1"]
[EndTime "11:18:17 PST"]
[Termination "bogcsab won by resignation"]

1. d4 Nf6 2. Nf3 g6 3. Bg5 Bg7 4. Nbd2 h6 5. Bh4 d6 6. c3 O-O 7. e3 Nbd7 8. Bc4 e5 9. a4 c6 10. dxe5 dxe5 11. Qc2 Qe7 12. Qxg6 b5 13. Ba2 bxa4 14.
Ne4 a3 15. bxa3 Ba6 16. Nxf6+ Nxf6 17. Bxf6 Qxf6 18. Qxf6 Bxf6 19. O-O-O e4 20. Nd4 c5 21. Nf5 Bxc3 22. Nxh6+ Kh7 23. Nf5 Rab8 24. Nd6 Bb2+ 25.
Kc2 Bd3+ 26. Rxd3 exd3+ 27. Kxd3 Rfd8 28. Kc2 Rxd6 29. Rb1 Rdb6 0-1

[Event "*** Titled Tuesday Blitz"]
[Site "Chess.com"]
[Date "2021.02.02"]
[Round "7"]
[White "JAAC2002"]
[Black "KubaGepard"]
[Result "1-0"]
[WhiteElo "2502"]
[BlackElo "2331"]
[TimeControl "180+1"]
[EndTime "11:18:18 PST"]
[Termination "JAAC2002 won by resignation"]

1. d4 d5 2. Nf3 Nf6 3. Bf4 c5 4.
e3 e6 5. Nbd2 Nc6 6. Bd3 Bd6 7.
Bg3 O-O 8. c3 Qe7 9. dxc5 Bxc5 10.
e4 e5 11. Qe2 Re8 12. O-O Bg4 13. h3 Bh5 14. Rfe1 Rad8 15. Bh4 Qe6 16. exd5 Nxd5 17. Bxd8 Rxd8 18. Bxh7+ Kf8 19. Be4 Nf4 20. Qc4 Qe7 21.
Nf1 Na5 22. Qb5 b6 23. Ng3 Bxf3 24. Bxf3 Rd2 25. Ne4 Bxf2+ 26. Nxf2 Qg5 27. Qxe5 Nxh3+ 28. Nxh3 Qxe5 29. Rxe5 1-0

[Event "*** Titled Tuesday Blitz"]
[Site "Chess.com"]
[Date "2021.02.02"]
[Round "7"]
[White "Alexander_Moskalenko"]
[Black "lachesisQ"]
[Result "0-1"]
[WhiteElo "2818"]
[BlackElo "3068"]
[TimeControl "180+1"]
[EndTime "11:18:19 PST"]
[Termination "lachesisQ won by resignation"]

1. d4 Nf6 2. c4 g6 3. g3 Bg7 4. Bg2 c5 5. dxc5 Na6 6. Nc3 Nxc5 7. Be3 Qa5 8. Qd2 Nb3 9. axb3 Qxa1+ 10. Nd1 O-O 11.
Nf3 d5 12. cxd5 Rd8 13. Ne5 Nxd5 14. Bxd5 Be6 15. Bxe6 Rxd2 16. Bxf7+ Kf8 17. Bxd2 Bxe5 18. Bc4 Rd8 19. Bd3 Qa2 20. b4 Bxb2 21. O-O Bf6 22. Bh6+ Bg7 23. Bg5 Qb3 24. Ne3 Qxb4 25. Rb1 Qc5 26.
h4 b6 27. Rb5 Qc1+ 28. Nf1 Qc6 29. Rb4 Rd4 30. Rb1 a5 31. Rc1 Qd7 32. h5 Rxd3 33.
exd3 gxh5 34. Ne3 a4 35. Nc4 b5 36. Nb6 Qxd3 37. Rc8+ Kf7 38. Rc7 Bf6 39. Bxf6 Kxf6 40. Nd7+ Kg7 41. Nc5 Qd6 42. Kh2 0-1

[Event "*** Titled Tuesday Blitz"]
[Site "Chess.com"]
[Date "2021.02.02"]
[Round "7"]
[White "Grammnik"]
[Black "Snegokhod"]
[Result "0-1"]
[WhiteElo "2387"]
[BlackElo "2531"]
[TimeControl "180+1"]
[EndTime "11:18:20 PST"]
[Termination "Snegokhod won by resignation"]

1. d4 Nf6 2. Nf3 g6 3. c4 Bg7 4. Nc3 d5 5. cxd5 Nxd5 6. e4 Nxc3 7. bxc3 c5 8. Rb1 O-O 9. Be2 Nc6 10. d5 Ne5 11. Nxe5 Bxe5 12. Qd2 e6 13. f4 Bg7 14.
O-O exd5 15. exd5 b6 16. c4 Bd4+ 17. Kh1 Bf5 18. Bd3 Qd7 19. Qc2 Rfe8 20. Bb2 Re3 21.
Bxf5 Qxf5 22. Qxf5 gxf5 23. Bxd4 cxd4 24. Rbd1 Re4 25.
Rfe1 Rxe1+ 26. Rxe1 Rc8 27. Rd1 Kf8 28. Rxd4 b5 29.
c5 Rxc5 30. g3 Ke7 31. Rd2 Kd6 32. Re2 Rxd5 33. Kg2 a5 34. Kh3 b4 35. Kh4 a4 36.
Kg5 b3 37. axb3 axb3 38. Kh6 Rb5 39. Rb2 Kd5 40. Kxh7 Kc4 41. h4 Kc3 42. Rb1 Kc2 43. Rf1 b2 44. h5 b1=Q 45. Rxb1 Rxb1 46. h6 Kd3 47. Kg7 Ke4 48. h7 Rh1 49. h8=Q Rxh8 50. Kxh8 Kf3 51. Kg7 Kxg3 52. Kf6 Kxf4 53. Kxf7 0-1

[Event "*** Titled Tuesday Blitz"]
[Site "Chess.com"]
[Date "2021.02.02"]
[Round "7"]
[White "swisspower96"]
[Black "PelinGorki"]
[Result "1-0"]
[WhiteElo "2659"]
[BlackElo "2467"]
[TimeControl "180+1"]
[EndTime "11:18:22 PST"]
[Termination "swisspower96 won on time"]

1. d4 Nf6 2. c4 e5 3. dxe5 Ng4 4. Bf4 Nc6 5. Nf3 Bb4+ 6. Nbd2 Qe7 7. a3 Ncxe5 8. Nxe5 Nxe5 9. e3 Bxd2+ 10. Qxd2 O-O 11. Be2 d6 12. O-O a5 13. b4 axb4 14. axb4 Bf5 15. Qc3 Ng6 16. Bg3 Rfd8 17. f3 Qe8 18. e4 Be6 19. c5 Qc6 20. b5 Qxc5+ 21. Qxc5 dxc5 22.
Bxc7 Rdc8 23. b6 Rxa1 24. Rxa1 Bd7 25. Rc1 Nf8 26. Ba6 Bc6 27. Rxc5 Ra8 28. Bc4 Nd7 29.
Rf5 Ra1+ 30. Kf2 Rb1 31. Rxf7 Rb2+ 32. Kg3 Kh8 33. Be5 1-0

[Event "*** Titled Tuesday Blitz"]
[Site "Chess.com"]
[Date "2021.02.02"]
[Round "7"]
[White "novocane"]
[Black "TurboSteen"]
[Result "1-0"]
[WhiteElo "2247"]
[BlackElo "2030"]
[TimeControl "180+1"]
[EndTime "11:18:22 PST"]
[Termination "novocane won by resignation"]

1. d4 Nf6 2. c4 g6 3. Nc3 d5 4.
cxd5 Nxd5 5. e4 Nxc3 6. bxc3 Bg7 7. Qa4+ Bd7 8. Qa3 O-O 9. Nf3 Bg4 10. Be2 Nd7 11.
O-O c5 12. Be3 cxd4 13. cxd4 e5 14. d5 f5 15. h3 Bxf3 16. Bxf3 f4 17. Bd2 g5 18.
Bg4 Nf6 19. Be6+ Kh8 20. f3 h5 21. Bc3 g4 22. Qb2 gxh3 23. gxh3 Nh7 24. Kh1 Qf6 25.
Rg1 Ng5 26. Raf1 Nxe6 27. dxe6 Qxe6 28. Kh2 Bf6 29. Rg6 Rg8 30. Rxf6 Rg3 31. Rxe6 1-0

[Event "*** Titled Tuesday Blitz"]
[Site "Chess.com"]
[Date "2021.02.02"]
[Round "7"]
[White "Larciano"]
[Black "VladaSviridova"]
[Result "0-1"]
[WhiteElo "1675"]
[BlackElo "2246"]
[TimeControl "180+1"]
[EndTime "11:18:23 PST"]
[Termination "VladaSviridova won by resignation"]

1. e4 e6 2. d4 d5 3. Nc3 Bb4 4. exd5 exd5 5. Bd3 Nc6 6. a3 Bxc3+ 7. bxc3 Nge7 8. Qf3 Be6 9. Ne2 Ng6 10. O-O Qd7 11.
h3 O-O 12. Ng3 Nce7 13. Nh5 f6 14. Re1 Bf5 15. Bh6 gxh6 16. g4 Bxd3 17. Nxf6+ Rxf6 18. Qxf6 Rf8 19. Rxe7 Qxe7 20. Qxe7 Nxe7 21. cxd3 Rf3 22. Rb1 b6 23. Rd1 Ng6 24. Re1 Rxd3 25. Re3 Rd1+ 26. Kg2 Kf7 27. f4 Nxf4+ 0-1

[Event "*** Titled Tuesday Blitz"]
[Site "Chess.com"]
[Date "2021.02.02"]
[Round "7"]
[White "Tartody"]
[Black "federicosellitti"]
[Result "1-0"]
[WhiteElo "2648"]
[BlackElo "2446"]
[TimeControl "180+1"]
[EndTime "11:18:24 PST"]
[Termination "Tartody won by resignation"]

1. Nf3 Nf6 2. b3 d6 3. Bb2 e5 4. d3 Nc6 5. c4 h6 6. Nc3 Be6 7. e4 Be7 8. Nd5 O-O 9. Be2 Qd7 10. O-O Nd8 11. Nxe7+ Qxe7 12. d4 exd4 13. Qxd4 Nc6 14. Qc3 Bg4 15. h3 Bh5 16. Rfe1 Rfe8 17. Bf1 Ne5 18.
Nd4 Bg6 19. f4 Nxe4 20. Qe3 Nc6 21. f5 Nxd4 22. Qxd4 Qe5 23. Qxe5 dxe5 24. fxg6 1-0

[Event "*** Titled Tuesday Blitz"]
[Site "Chess.com"]
[Date "2021.02.02"]
[Round "7"]
[White "Zq1"]
[Black "anon219"]
[Result "0-1"]
[WhiteElo "2516"]
[BlackElo "2882"]
[TimeControl "180+1"]
[EndTime "11:18:24 PST"]
[Termination "anon219 won by resignation"]

1. d4 d6 2. Nf3 Nf6 3. c4 c5 4. Nc3 cxd4 5. Nxd4 g6 6. e4 Bg7 7. Be2 O-O 8. Be3 Nc6 9. O-O Bd7 10. Qd2 Ng4 11. Bxg4 Bxg4 12. f3 Be6 13. b3 Qa5 14.
Rac1 Rac8 15. Rfd1 Rfe8 16. Nxe6 fxe6 17. Nb5 Qxd2 18.
Rxd2 a6 19. Na3 Nb4 20. Rcd1 Kf7 21. Kf2 Bf6 22. Ke2 Bc3 23. g4 Bxd2 24. Rxd2 h5 25. gxh5 gxh5 26. h4 e5 27. Nb1 b5 28. Na3 Rb8 29. Rd1 Rg8 30. Kf2 Nxa2 31. cxb5 axb5 32. Nc2 Rbc8 33. Rd2 Nc3 34. Nb4 Ke6 35. Bg5 Ra8 36. Rd3 Rgc8 37. Bd2 Nd1+ 38. Ke2 Nb2 39. Re3 Ra1 40. Bc3 Rb1 0-1

[Event "*** Titled Tuesday Blitz"]
[Site "Chess.com"]
[Date "2021.02.02"]
[Round "7"]
[White "erdni1993"]
[Black "Sofiia_Hryzlova"]
[Result "1-0"]
[WhiteElo "2463"]
[BlackElo "2250"]
[TimeControl "180+1"]
[EndTime "11:18:25 PST"]
[Termination "erdni1993 won on time"]

1. d4 Nf6 2. Nf3 e6 3. c4 c5 4. e3 b6 5. Be2 Bb7 6. O-O d6 7. b3 Nbd7 8. Bb2 Be7 9. Nbd2 O-O 10. Rc1 Rc8 11. dxc5 Nxc5 12. Nd4 Qc7 13. Bf3 Nce4 14.
Nxe4 Bxe4 15. Bxe4 Nxe4 16. Qg4 Nf6 17. Qf3 a6 18.
Rfd1 Qc5 19. h3 Rfd8 20. Qb7 Rc7 21. Qxa6 Ne4 22. Qb5 Ra8 23. a4 Bf6 24. Rc2 Rd8 25. Rdc1 Kf8 26. b4 Qg5 27. Qxg5 Bxg5 28. Nb5 Rc6 29. Bd4 e5 30. Na7 Rxc4 31. Rxc4 exd4 32.
Rxd4 f5 33. Rc8 Rxc8 34. Nxc8 Bf6 35. Rd5 Bc3 36. Nxd6 Bxb4 37. Rxf5+ 1-0

[Event "*** Titled Tuesday Blitz"]
[Site "Chess.com"]
[Date "2021.02.02"]
[Round "7"]
[White "Annawel"]
[Black "alexrustemov"]
[Result "1-0"]
[WhiteElo "2932"]
[BlackElo "2767"]
[TimeControl "180+1"]
[EndTime "11:18:27 PST"]
[Termination "Annawel won by resignation"]

1. f4 d5 2. Nf3 Nf6 3. g3 g6 4. Bg2 Bg7 5. O-O O-O 6. d3 b6 7.
Nc3 Bb7 8. e4 dxe4 9. Ng5 h6 10.
Ngxe4 Nxe4 11. Nxe4 Nd7 12. f5 Nc5 13. Qe2 gxf5 14.
Nxc5 Bxg2 15. Kxg2 Qd5+ 16. Ne4 fxe4 17. dxe4 Qc6 18.
c3 Rad8 19. Bf4 f5 20. Rae1 e5 21. Bc1 fxe4 22. Rxf8+ Bxf8 23. Qg4+ Bg7 24. Rxe4 Qd7 25. Bxh6 Kh7 26. Bxg7 Qxg4 27. Rxg4 Rd2+ 28. Kf3 Rxb2 29. Bxe5 c5 30. h4 Rxa2 31. Rg7+ Kh6 32. g4 Ra1 33.
Rd7 Rf1+ 34. Ke4 Rg1 35. Kf5 1-0

[Event "*** Titled Tuesday Blitz"]
[Site "Chess.com"]
[Date "2021.02.02"]
[Round "7"]
[White "Carnivoras"]
[Black "flexova"]
[Result "0-1"]
[WhiteElo "2575"]
[BlackElo "2449"]
[TimeControl "180+1"]
[EndTime "11:18:28 PST"]
[Termination "flexova won by resignation"]

1. d4 Nf6 2. c4 g6 3. Nc3 d5 4. Bg5 Ne4 5. Bf4 Nxc3 6. bxc3 dxc4 7.
Nf3 Bg7 8. e3 Be6 9. Qb1 Qd5 10.
Qb4 Nd7 11. Rb1 b6 12. Be2 c5 13. Qa4 O-O 14. O-O Nf6 15. Nd2 cxd4 16. Bxc4 Qf5 17.
cxd4 Nd5 18. Bg3 Nc3 19. Bxe6 Qxe6 20. Qb3 Nxb1 21. Qxb1 Rac8 22. h3 h5 23. Bf4 Qc6 24. Nb3 Qc2 25. Qa1 Rfd8 26. Rc1 Qe2 27. Re1 Qd3 28. Rd1 Qe4 29. Qb2 e5 30. Bg3 exd4 31.
exd4 Rc2 32. Qa3 Qe2 33. Rf1 Rxa2 34. Qb4 Rb2 35. Qc3 Qc2 0-1

[Event "*** Titled Tuesday Blitz"]
[Site "Chess.com"]
[Date "2021.02.02"]
[Round "7"]
[White "Arvids_Andrejevs"]
[Black "DenishevM"]
[Result "1-0"]
[WhiteElo "2406"]
[BlackElo "2539"]
[TimeControl "180+1"]
[EndTime "11:18:28 PST"]
[Termination "Arvids_Andrejevs won by resignation"]

1. e4 c5 2. c3 d5 3. exd5 Qxd5 4.
d4 Nf6 5. Nf3 Nc6 6. Be3 cxd4 7.
cxd4 e6 8. Nc3 Bb4 9. Bd3 O-O 10. O-O Qh5 11. h3 b6 12. Ne4 Nxe4 13. Bxe4 Bb7 14. Qa4 b5 15. Qb3 Be7 16. Rac1 Na5 17. Qd3 Bxe4 18. Qxe4 Nc4 19. b3 Nd6 20. Qc6 a6 21.
Rc5 Nf5 22. Rcc1 Nxe3 23. fxe3 Bf6 24. Qe4 a5 25. Rc5 Qg6 26. Qxg6 hxg6 27. Rxb5 a4 28. b4 Rfc8 29. Rc5 a3 30. Rfc1 Rcb8 31. b5 Kh7 32. h4 Ra5 33. Rb1 Rb6 34. Ng5+ Bxg5 35. hxg5 f6 36. Kf2 fxg5 37. Rc8 1-0

[Event "*** Titled Tuesday Blitz"]
[Site "Chess.com"]
[Date "2021.02.02"]
[Round "7"]
[White "Balla_Tamas"]
[Black "Happy1712Drummer"]
[Result "1-0"]
[WhiteElo "2485"]
[BlackElo "2342"]
[TimeControl "180+1"]
[EndTime "11:18:28 PST"]
[Termination "Balla_Tamas won by resignation"]

1. d4 e6 2. e4 d5 3. Nd2 Nc6 4. Ngf3 Nf6 5. e5 Nd7 6. c3 f6 7. exf6 Qxf6 8. Bb5 Bd6 9. Nf1 O-O 10. Ne3 Ne7 11.
O-O Ng6 12. Ng4 Qf5 13. h3 Nf4 14. Bxf4 Qxf4 15. Qd2 Qf5 16. Bd3 Qh5 17. Qg5 Qxg5 18. Nxg5 Nf6 19. Ne5 h6 20. Ngf3 c5 21. Rfe1 a5 22.
Re2 Nh5 23. g3 a4 24. Rae1 a3 25. b3 cxd4 26. cxd4 Bb4 27. Rc1 Bd6 28. Kg2 b5 29. Rc6 Bb8 30. Bxb5 Nf6 31. Ng6 Rf7 32. Rxc8+ 1-0

[Event "*** Titled Tuesday Blitz"]
[Site "Chess.com"]
[Date "2021.02.02"]
[Round "7"]
[White "Godzillator"]
[Black "bylavochka"]
[Result "1/2-1/2"]
[WhiteElo "2309"]
[BlackElo "2104"]
[TimeControl "180+1"]
[EndTime "11:18:29 PST"]
[Termination "Game drawn - insufficient material"]

1. d4 Nf6 2. c4 g6 3. Nc3 Bg7 4. e4 O-O 5. Be2 d6 6. Bg5 c5 7. d5 Qa5 8. Bd2 e6 9. Nf3 Qd8 10. O-O exd5 11. exd5 Bg4 12. h3 Bxf3 13. Bxf3 Re8 14.
Qc2 Nfd7 15. Rae1 Ne5 16. Be2 f5 17. f4 Nf7 18. Bd3 Nd7 19. Rxe8+ Qxe8 20. Re1 Qd8 21. b3 Qf6 22. Nb5 Qd8 23. Bc3 a6 24. Bxg7 Kxg7 25. Nc3 Qh4 26. Qd2 Nf6 27. Qf2 Qxf2+ 28. Kxf2 Re8 29.
Rxe8 Nxe8 30. g4 Kf6 31. Ne2 fxg4 32. hxg4 Nc7 33. Ng3 b5 34. Ne4+ Ke7 35. Kg3 bxc4 36. bxc4 a5 37. Kh4 Na6 38. a3 Nb8 39. Ng5 Nd7 40.
Nxh7 Nb6 41. Ng5 Nxg5 42. Kxg5 a4 43. Kxg6 Kf8 44. f5 Nd7 45. g5 Ne5+ 46. Kf6 Nxd3 47. Ke6 Ne5 48. Kxd6 Nxc4+ 49. Kxc5 Nxa3 50. Kb4 Nb5 51. Kxa4 Nc3+ 52. Kb4 Nxd5+ 53. Kc5 Ne3 54. f6 Kf7 55.
Kd4 Ng4 56. Ke4 Nxf6+ 57. gxf6 Kxf6 1/2-1/2

[Event "*** Titled Tuesday Blitz"]
[Site "Chess.com"]
[Date "2021.02.02"]
[Round "7"]
[White "zurzan"]
[Black "jorquerino"]
[Result "0-1"]
[WhiteElo "2026"]
[BlackElo "2279"]
[TimeControl "180+1"]
[EndTime "11:18:29 PST"]
[Termination "jorquerino won by resignation"]

1. f4 d6 2. Nf3 Nd7 3. g3 e5 4. fxe5 Nxe5 5. Nxe5 dxe5 6. Bg2 Bc5 7.
e3 Nf6 8. O-O O-O 9. c3 e4 10.
b4 Bb6 11. a4 a5 12. Ba3 Re8 13. b5 Be6 14. Qc2 Bc4 15. Rf4 Bd3 16. Qc1 c6 17. c4 Bc7 18. Rf5 Re5 19. Rxe5 Bxe5 20. Nc3 Qd7 21.
bxc6 bxc6 22. Bb2 Rb8 23. Ra3 h5 24. Nd1 Bd6 25. Bxf6 gxf6 26. Ra1 Be5 27. Nc3 h4 28. Qe1 hxg3 29. hxg3 Qg4 30. Ne2 Qxe2 31. Qxe2 Bxe2 32.
Rc1 Bd3 33. c5 Rb1 34. Rxb1 Bxb1 35. d4 exd3 36. Bxc6 d2 37. Bf3 Bc2 38. c6 d1=Q+ 39. Bxd1 Bxd1 40. Kf2 Bxa4 0-1

[Event "*** Titled Tuesday Blitz"]
[Site "Chess.com"]
[Date "2021.02.02"]
[Round "7"]
[White "esapunov"]
[Black "dretch"]
[Result "0-1"]
[WhiteElo "2627"]
[BlackElo "2848"]
[TimeControl "180+1"]
[EndTime "11:18:30 PST"]
[Termination "dretch won by checkmate"]

1. c4 c6 2. Nf3 d5 3. b3 Bg4 4.
e3 Nd7 5. Bb2 e6 6. h3 Bh5 7.
Nc3 Ngf6 8. g4 Bg6 9. Nh4 Be4 10. Nxe4 Nxe4 11. Nf3 h5 12. Bg2 dxc4 13. bxc4 Ndc5 14. d4 Qa5+ 15. Kf1 Qb4 16. Qc2 Nd3 17. Rb1 Ndxf2 18.
Ba1 Qa3 19. Rb3 Qa4 20. Rh2 hxg4 21. hxg4 Nxg4 22. Rxh8 Nxe3+ 23. Rxe3 Qxc2 24. Ne5 Qf2# 0-1

[Event "*** Titled Tuesday Blitz"]
[Site "Chess.com"]
[Date "2021.02.02"]
[Round "7"]
[White "Blitzstream"]
[Black "maximnovik"]
[Result "1-0"]
[WhiteElo "2757"]
[BlackElo "2559"]
[TimeControl "180+1"]
[EndTime "11:18:30 PST"]
[Termination "Blitzstream won on time"]

1. e4 c6 2. c4 d5 3. cxd5 cxd5 4. exd5 Nf6 5. Nc3 Nxd5 6. Nf3 Nxc3 7. bxc3 g6 8. d4 Bg7 9. Bc4 Qc7 10. Qe2 O-O 11. Bd2 Bg4 12. Bb3 Nc6 13. O-O e5 14. Qe4 Bxf3 15.
Qxf3 exd4 16. Rfe1 dxc3 17. Bxc3 Ne5 18. Bxe5 Bxe5 19. Rac1 Bxh2+ 20. Kh1 Qf4 21. Qh3 Rae8 22. Qxh2 Rxe1+ 23. Rxe1 Qxf2 24. Qe5 Rd8 25. Qe3 Qf6 26. Kg1 Qd6 27. Qxa7 Rd7 28. Qe3 Kg7 29. Qe5+ Qxe5 30. Rxe5 f5 31. Re6 1-0

[Event "*** Titled Tuesday Blitz"]
[Site "Chess.com"]
[Date "2021.02.02"]
[Round "7"]
[White "Lagmantr"]
[Black "Artem_Sadovsky"]
[Result "1-0"]
[WhiteElo "2764"]
[BlackElo "2564"]
[TimeControl "180+1"]
[EndTime "11:18:31 PST"]
[Termination "Lagmantr won on time"]

1. Nc3 d5 2. e4 d4 3. Nce2 c5 4. f4 Nc6 5. Nf3 e5 6. g3 Bg4 7. Bg2 Bd6 8. d3 Nge7 9. O-O h5 10.
f5 Bxf3 11. Bxf3 h4 12. g4 f6 13. g5 b5 14. c3 Kd7 15. a4 a6 16. Qb3 Qb6 17. axb5 axb5 18. Rxa8 Rxa8 19. gxf6 c4 20. dxc4 d3+ 21. Kh1 dxe2 22. Bxe2 Na5 23. Qa2 gxf6 24.
b4 Qc6 25. bxa5 Qxe4+ 26. Bf3 Qd3 27. Qg2 Rg8 28. Qe2 Qxc4 29. Qxc4 bxc4 30. a6 Nc6 31. Bd5 Ra8 32. Bxc4 Kc7 33. Be3 e4 34. Rb1 Ne5 35. Rb7+ Kc6 36. Rb6+ Kc7 37. Bd5 Ra7 38. Bxe4 1-0

[Event "*** Titled Tuesday Blitz"]
[Site "Chess.com"]
[Date "2021.02.02"]
[Round "7"]
[White "Nikolakis2014"]
[Black "Srisshhhtea"]
[Result "0-1"]
[WhiteElo "2634"]
[BlackElo "2468"]
[TimeControl "180+1"]
[EndTime "11:18:31 PST"]
[Termination "Srisshhhtea won by resignation"]

1. Nf3 Nf6 2. c4 e6 3. g3 d5 4.
d4 Be7 5. Bg2 O-O 6. O-O dxc4 7. Qc2 a6 8. a4 Bd7 9. Rd1 Bc6 10. Nc3 Bxf3 11. Bxf3 Nc6 12. Bxc6 bxc6 13. Bg5 a5 14. Bxf6 Bxf6 15. Rac1 Rb8 16. Ne4 Rb4 17.
e3 Be7 18. Nd2 Qd5 19. Nxc4 Rfb8 20. Rd2 c5 21. Nxa5 Rxb2 22. Qxb2 Rxb2 23. Rxb2 h5 24.
dxc5 h4 25. gxh4 Bxh4 26. Nc4 Qxc5 27. a5 Bf6 28. Ra2 Qg5+ 29. Kf1 Qd5 30. Ke2 Qh5+ 31. Ke1 Qxh2 32. a6 Qg1+ 33. Ke2 Qxc1 0-1

[Event "*** Titled Tuesday Blitz"]
[Site "Chess.com"]
[Date "2021.02.02"]
[Round "7"]
[White "PawnEatingZombie"]
[Black "saraswathii"]
[Result "1-0"]
[WhiteElo "2248"]
[BlackElo "2382"]
[TimeControl "180+1"]
[EndTime "11:18:31 PST"]
[Termination "PawnEatingZombie won by resignation"]

1. d4 g6 2. e4 Bg7 3. Nc3 d6 4. g3 Nf6 5. Bg2 O-O 6. Nge2 Nbd7 7. O-O c5 8. h3 cxd4 9. Nxd4 Nc5 10. Be3 a6 11. a4 Qc7 12. Qd2 Ne6 13. Nb3 Nc5 14. Nxc5 dxc5 15. Nd5 Nxd5 16. exd5 Bxb2 17. Rab1 Be5 18.
Bh6 Rd8 19. c4 e6 20. Kh2 exd5 21. cxd5 Bf5 22. d6 Bxb1 23. dxc7 Rxd2 24. Bxb7 Re8 25. Bxd2 Bd3 26. Re1 1-0

[Event "*** Titled Tuesday Blitz"]
[Site "Chess.com"]
[Date "2021.02.02"]
[Round "7"]
[White "Sergienko_Sergey"]
[Black "annacramling"]
[Result "1-0"]
[WhiteElo "2390"]
[BlackElo "2109"]
[TimeControl "180+1"]
[EndTime "11:18:32 PST"]
[Termination "Sergienko_Sergey won by checkmate"]

1. e4 c5 2. Nf3 Nc6 3. Bb5 e5 4. O-O d6 5. c3 Bg4 6. h3 Bh5 7. d3 Nf6 8. Nbd2 Be7 9. Re1 O-O 10. Nf1 Qb6 11. Ba4 Rad8 12. Ng3 Bg6 13. Nh4 d5 14. Nxg6 hxg6 15. Qe2 d4 16. Bc2 dxc3 17. bxc3 Qc7 18. Rb1 Rc8 19. h4 c4 20. dxc4 Na5 21. h5 gxh5 22.
Nxh5 Nxh5 23. Qxh5 Nxc4 24. g3 Bc5 25. Kg2 g6 26.
Qh6 Bxf2 27. Rh1 Rfd8 28. Qh8# 1-0

[Event "*** Titled Tuesday Blitz"]
[Site "Chess.com"]
[Date "2021.02.02"]
[Round "7"]
[White "Andrakhanova"]
[Black "SilviusTiberius"]
[Result "0-1"]
[WhiteElo "2282"]
[BlackElo "2477"]
[TimeControl "180+1"]
[EndTime "11:18:34 PST"]
[Termination "SilviusTiberius won by resignation"]

1. c4 e6 2. g3 d5 3. Bg2 Nf6 4. Nf3 Be7 5. O-O O-O 6. b3 b6 7. Bb2 Bb7 8. d3 c5 9. cxd5 Nxd5 10. Nbd2 Bf6 11. d4 cxd4 12. Bxd4 Nc6 13. Bxf6 Qxf6 14.
Ne4 Qe7 15. Rc1 Rfd8 16. Qc2 Rac8 17. Qb2 f5 18. Ned2 Ba6 19. Rfe1 Ncb4 20. a3 Nc6 21. e4 fxe4 22. Nxe4 h6 23. h4 Bd3 24. Rcd1 Bxe4 25. Rxe4 Nf6 26. Rxd8+ Rxd8 27. Re1 Qd6 28. Bh3 e5 29. Nxe5 Nxe5 30. Rxe5 Qd1+ 31. Kg2 Rd3 32. b4 Qf3+ 33. Kh2 Rd1 34. Bg2 Ng4+ 35. Kh3 Nxf2+ 0-1

[Event "*** Titled Tuesday Blitz"]
[Site "Chess.com"]
[Date "2021.02.02"]
[Round "7"]
[White "Dii210"]
[Black "SkippingLaptop"]
[Result "1-0"]
[WhiteElo "2224"]
[BlackElo "2066"]
[TimeControl "180+1"]
[EndTime "11:18:34 PST"]
[Termination "Dii210 won by checkmate"]

1. Nf3 d5 2. b3 Nf6 3. Bb2 c5 4. e3 Nc6 5. c4 d4 6. d3 g6 7. e4 Bg7 8. Nbd2 O-O 9. g3 Bg4 10.
Bg2 Ne5 11. Qe2 Bxf3 12. Nxf3 Qc7 13. Nxe5 Qxe5 14. f4 Qc7 15. e5 Qa5+ 16. Qd2 Qxd2+ 17. Kxd2 Ng4 18. Bxb7 Rab8 19. Bf3 Ne3 20. Ba3 Rfc8 21. Rae1 f6 22. exf6 Bxf6 23. Bc1 a5 24. Ke2 Nc2 25.
Bd5+ Kg7 26. Rd1 a4 27. bxa4 Rb4 28. a5 Ra4 29. Bd2 Rxa2 30. a6 e6 31. Bb7 Rb8 32. Rb1 Nb4 33. Ra1 Rxa1 34. Rxa1 Nxa6 35. Bxa6 Rb2 36.
Bb5 e5 37. fxe5 Bxe5 38. Ra7+ Kf6 39. Kd1 Rb1+ 40. Bc1 Rb3 41. Kc2 Rxd3 42. Kxd3 h5 43. Ke4 Bb8 44. Ra6+ Kf7 45. Bc6 h4 46. Bd5+ Kg7 47.
Rb6 hxg3 48. Rb7+ Kf6 49. Rxb8 g2 50. Rb6+ Kg7 51. Rb7+ Kf6 52. Rf7# 1-0

[Event "*** Titled Tuesday Blitz"]
[Site "Chess.com"]
[Date "2021.02.02"]
[Round "7"]
[White "IDontWannaRecognized"]
[Black "muchojogo"]
[Result "0-1"]
[WhiteElo "2272"]
[BlackElo "2474"]
[TimeControl "180+1"]
[EndTime "11:18:35 PST"]
[Termination "muchojogo won on time"]

1. d4 Nf6 2. Bf4 g6 3. e3 Bg7 4. h3 O-O 5. Nf3 d6 6. c4 Nc6 7.
Nc3 Nd7 8. Bh2 e5 9. Be2 exd4 10. exd4 Nf6 11. O-O Bf5 12. Qb3 Rb8 13. Rfd1 Ne4 14. Nd5 Re8 15. Bf1 b6 16. Rac1 Rc8 17. Qa4 Bd7 18.
Qc2 Ng5 19. Nxg5 Qxg5 20. Bf4 Qd8 21. Be3 Bf5 22. Qd2 Qh4 23. Be2 Nxd4 24. Bxd4 Bxd4 25. Qxd4 Qxd4 26. Rxd4 Rxe2 27. Kf1 Rxb2 28. Ne7+ Kg7 29. Nxc8 Bxc8 30. a3 Be6 31. Ke1 Rb3 32. Ra1 a5 33.
Kd2 Rb2+ 34. Ke3 Rc2 35. a4 Bxc4 36. g4 Be6 37. f4 d5 0-1

[Event "*** Titled Tuesday Blitz"]
[Site "Chess.com"]
[Date "2021.02.02"]
[Round "7"]
[White "Zmof"]
[Black "Treasurechess777"]
[Result "1-0"]
[WhiteElo "2134"]
[BlackElo "2386"]
[TimeControl "180+1"]
[EndTime "11:18:36 PST"]
[Termination "Zmof won by resignation"]

1. e4 Nf6 2. e5 Nd5 3. d4 Nb6 4. Nf3 d5 5. exd6 cxd6 6. Bd3 Bg4 7. h3 Bxf3 8. Qxf3 Nc6 9. c3 e6 10. O-O Be7 11. Nd2 d5 12. Qe2 O-O 13. Nf3 Re8 14. Bf4 Bd6 15. Bxd6 Qxd6 16. Rfe1 f6 17. Rad1 e5 18.
dxe5 fxe5 19. Ng5 g6 20. Ne4 Qe7 21. Ng3 Qf6 22. Bc2 Rad8 23. Bb3 Kh8 24. Qb5 Rf8 25. Re2 Ne7 26. a4 a6 27. Qd3 Nc6 28. Qe3 d4 29.
Qh6 d3 30. Red2 Na5 31. Ne4 Qf5 32. Ng5 Rd7 33. Be6 Rg7 34. Bxf5 Rxf5 35. Rxd3 1-0

[Event "*** Titled Tuesday Blitz"]
[Site "Chess.com"]
[Date "2021.02.02"]
[Round "7"]
[White "Azde"]
[Black "svilson23"]
[Result "0-1"]
[WhiteElo "2441"]
[BlackElo "2290"]
[TimeControl "180+1"]
[EndTime "11:18:39 PST"]
[Termination "svilson23 won on time"]

1. d4 Nf6 2. Bg5 d5 3. Bxf6 gxf6 4. c4 c6 5. Nc3 Bf5 6. cxd5 cxd5 7. Qb3 e6 8. e3 Nd7 9. Nf3 b6 10. Ba6 Be7 11.
h4 h5 12. Rc1 O-O 13. Ne2 Rb8 14. Qb5 Bd6 15. g3 Be4 16. Neg1 Qe7 17. Rh2 Bb4+ 18. Kf1 Bd6 19. Nd2 Bg6 20. Ne2 Rbd8 21. Nf4 Nb8 22. Kg2 Bxf4 23. gxf4 Kh7 24. Rh3 Rg8 25. Rg3 Bf5 26. Qe2 Bg4 0-1